 Dungeon Crawl Stone Soup version 0.20-a0-556-g892c87b (webtiles) character file.

98834 kae the Minotaur Blade (level 15, -1/136 HPs)
             Began as a Minotaur Fighter on Feb 5, 2017.
             Was a High Priest of Okawaru.
             Killed from afar by an electric eel (8 damage)
             ... with a bolt of electricity
             ... on level 15 of the Dungeon.
             The game lasted 00:35:07 (27433 turns).

kae the Minotaur Blade (Minotaur Fighter)          Turns: 27433, Time: 00:35:07

Health: -1/136     AC: 19    Str: 25    XL:     15   Next: 76%
Magic:  0/10       EV: 10    Int:  7    God:    Okawaru [*****.]
Gold:   2394       SH:  0    Dex: 10    Spells: 14/14 levels left

rFire    + + .     SeeInvis +   a - +3 triple sword (elec)
rCold    x . .     Gourm    .   Y - +1 ring mail of the Bells {rPois rF++ rC- MP-9}
rNeg     . . .     Faith    .   (shield currently unavailable)
rPois    +         Spirit   +   I - +1 hat {SInv}
rElec    .         Reflect  .   Q - +0 cloak
rCorr    .         Harm     .   (no gloves)
MR       +....                  X - +0 pair of boots {Stlth+}
Stlth    +.........             m - amulet of guardian spirit
Regen    0.4/turn               F - +6 ring of protection
                                u - ring of see invisible

@: no status effects
A: retaliatory headbutt, horns 2
a: Heroism, Finesse, Renounce Religion


You were on level 15 of the Dungeon.
You worshipped Okawaru.
Okawaru was extremely pleased with you.
You were near starving.

You visited 3 branches of the dungeon, and saw 21 of its levels.
You also visited: Bailey and Volcano.

You collected 2394 gold pieces.

Inventory:

Hand Weapons
 a - a +3 triple sword of electrocution (weapon)
 b - a +0 battleaxe of flaming
 c - the +7 double sword "Qysseo" {venom, Int+5}
   (Okawaru gifted it to you on level 3 of the Lair of Beasts)

   It poisons the flesh of those it strikes.
   It affects your intelligence (+5).
 z - a +2 great sword of holy wrath
Armour
 g - the +0 hat "Dene Heo" {rF- Int+2 Dex+4}
   (Okawaru gifted it to you on level 6 of the Lair of Beasts)

   It affects your intelligence (+2).
   It affects your dexterity (+4).
   It makes you vulnerable to fire.
 I - a +1 hat of see invisible (worn)
 Q - a +0 cloak (worn)
 X - a +0 pair of boots of stealth (worn)
 Y - the +1 ring mail of the Bells (worn) {rPois rF++ rC- MP-9}
   (Okawaru gifted it to you on level 5 of the Lair of Beasts)

   It greatly protects you from fire.
   It makes you vulnerable to cold.
   It protects you from poison.
   It affects your magic capacity (-9).
Jewellery
 m - an amulet of guardian spirit (around neck)
 s - an uncursed amulet of the gourmand
 u - a ring of see invisible (left hand)
 F - a +6 ring of protection (right hand)
Wands
 d - a wand of polymorph (10/24)
 f - a wand of digging (17/24)
 l - a wand of iceblast (0/15)
 y - a wand of iceblast (4/15)
 A - a wand of lightning (8/15)
 G - a wand of scattershot (5/9)
 P - a wand of disintegration (16/24)
Scrolls
 n - 5 scrolls of fog
 p - 9 scrolls of teleportation
 q - 2 scrolls of blinking
 w - a scroll of acquirement
 E - 7 scrolls of recharging
 L - a scroll of enchant weapon
 M - 3 scrolls of remove curse
 O - 2 scrolls of amnesia
 V - 2 scrolls of enchant armour
 W - 12 scrolls of identify
Potions
 e - 6 potions of brilliance
 h - 4 potions of haste
 i - a potion of cancellation
 t - 4 potions of flight
 v - 2 potions of mutation
 B - a potion of might
 J - a potion of degeneration {unknown}
 K - a potion of magic
 R - 3 potions of ambrosia
 T - 5 potions of lignification
Books
 j - a book of Spatial Translocations

   Spells                             Type                      Level
   a - Blink                          Translocation                2
   b - Shroud of Golubria             Charms/Translocation         2
   c - Lesser Beckoning               Translocation                3
   d - Portal Projectile              Translocation                3
   e - Teleport Other                 Translocation                3
   f - Passage of Golubria            Translocation                4
 N - a book of Summonings

   Spells                             Type                      Level
   a - Recall                         Summoning/Translocation      3
   b - Aura of Abjuration             Summoning                    5
   c - Summon Demon                   Summoning                    5
   d - Summon Forest                  Summoning/Translocation      5
   e - Summon Mana Viper              Hexes/Summoning              5
   f - Shadow Creatures               Summoning                    6
Comestibles
 o - 12 royal jellies
 r - 33 fruits
 x - 4 bread rations
 H - 11 meat rations


   Skills:
 + Level 13.2 Fighting
 - Level 24.1 Long Blades
 + Level 14.0 Armour
   Level 3.6 Shields
 - Level 7.1 Invocations


You had 14 spell levels left.
You didn't know any spells.

Dungeon Overview and Level Annotations

Branches:
Dungeon (13/15)            Temple (1/1) D:6            Lair (6/6) D:10
 Shoals (0/4) Lair:2        Snake (0/4) Lair:2        Slime (0/5) Lair:5
    Orc (0/2) D:12
 Vaults: D:13-14

Altars:
Ashenzari
Cheibriados
Dithmenos
Elyvilon
Fedhas
Gozag
Kikubaaqudgha
Makhleb
Nemelex Xobeh
Okawaru
Qazlal
Ru
Sif Muna
Trog
Uskayaw
Vehumet
Xom
Yredelemnul
Zin
The Shining One
Beogh

Shops:
D:9 *   D:12 (


Innate Abilities, Weirdness & Mutations

You reflexively headbutt those who attack you in melee.
You have a pair of horns on your head.


Message History

The centaur warrior shoots an arrow.
The arrow hits you!!
* * * LOW HITPOINT WARNING * * *
Things that are here:
a stone; 3 arrows The centaur warrior shoots an arrow.
The arrow hits you!
* * * LOW HITPOINT WARNING * * *
You see here an arrow.
The centaur warrior unwields an uncursed enchanted longbow.
The centaur warrior barely misses you. You furiously retaliate!
You headbutt the centaur warrior!
You riposte.
You slice the centaur warrior!! You headbutt the centaur warrior!!
The centaur warrior is almost dead.
A centaur comes into view.
You slice the centaur warrior!!
There is a sudden explosion of sparks!
You kill the centaur warrior!
Okawaru accepts your kill.
Your Armour skill increases to level 14!
The electric eel shoots out a bolt of lightning at you!
The bolt of electricity hits you!
You die...

≈≈≈≈≈...... #≈≈≈≈.....
#≈≈≈...# #...# #######
.##.#######..(########.....#
.......(())................###
.##.#######(..##.#####........
#(()##.# ##.....### #.(@##.#
#.....## #.))##.# #.....#
#?.(##.# #.....# ##≈≈≈#.#
#.....# ..≈≈≈≈.# #.....###
≈;;.≈≈≈≈.# #.....#≈##
≈≈≈;;.c≈≈≈.≈###.....≈≈≈#
≈≈≈≈≈≈.≈≈≈.≈≈#...[#≈≈≈≈≈
≈≈≈≈≈≈..≈≈.≈≈≈#.##≈≈≈≈≈≈


You could see a centaur and 2 electric eels.

Vanquished Creatures
  Rupert (Lair:6)
  A dire elephant (Lair:2)
  Josephine (D:12)
  6 hydras
  A catoblepas (Lair:6)
  2 centaur warriors (D:15)
  The ghost of George the Blocker, a novice MiFi of the Shining One (D:10)
  11 death yaks
  3 two-headed ogres
  The ghost of Shenda the Thaumaturge, a journeyman DECj of Vehumet (D:9)
  Nergalle (Lair:4)
  2 fire crabs (Lair:6)
  An unseen horror (D:12)
  2 orc knights
  2 oklob plants (Lair:5)
  2 deep elf magi
  A wolf spider (Lair:6)
  4 ugly things
  Maurice (D:12)
  2 cyclopes
  37 elephants
  A merfolk siren (Lair:2)
  9 black mambas
  A torpor snail (Lair:3)
  A molten gargoyle (Volcano)
  A guardian serpent (Lair:6)
  2 gargoyles (Volcano)
  15 spiny frogs
  5 rime drakes
  7 komodo dragons
  A kobold demonologist (D:15)
  4 trolls
  10 slime creatures
  26 blink frogs
  17 hippogriffs
  A meliai zombie (D:12)
  12 polar bears
  2 raiju (Lair:6)
  3 hornets
  3 redbacks
  A spriggan (Lair:2)
  2 vampires
  4 water elementals (D:15)
  4 wraiths
  14 wyverns
  2 shadows
  67 yaks
  A human (D:7)
  4 basilisks
  A fire elemental (Volcano)
  4 hogs (D:7)
  3 hungry ghosts
  An acid dragon (D:9)
  4 wargs (Lair:6)
  22 water moccasins
  15 hell hounds (Lair:6)
  3 porcupines
  7 orc warriors
  14 black bears
  4 ice beasts
  A phantom (D:9)
  5 sky beasts
  An eye of draining (D:11)
  20 wolves
  An ogre (D:9)
  12 centaurs
  2 boggarts (D:15)
  13 crocodiles
  13 bullfrogs
  The ghost of junb69 the Changer, an amateur SpTm (D:3)
  A wyvern zombie (D:10)
  A wyvern skeleton (D:10)
  6 scorpions
  7 killer bees
  5 wights (D:9)
  4 howler monkeys
  2 bullfrog zombies
  5 crimson imps
  2 jellies (Lair:5)
  7 orc priests
  3 centaur zombies
  5 hounds
  2 bullfrog skeletons
  5 centaur skeletons
  2 hell rats (Lair:2)
  5 iguanas
  10 orc wizards
  12 worker ants
  Robin (D:2)
  A worker ant zombie (D:9)
  A gnoll (Bailey)
  11 adders
  6 river rats (Lair:2)
  3 shadow imps
  2 oozes
  3 adder skeletons
  4 worms
  5 dart slugs
  8 leopard geckos
  42 orcs
  A ball python (D:4)
  8 bats
  8 giant cockroaches
  20 goblins
  12 hobgoblins
  14 jackals
  3 quokkas
  6 frilled lizards
  28 kobolds
  A quokka skeleton (D:4)
  8 rats
  A plant (Lair:6)
731 creatures vanquished.

Vanquished Creatures (others)
  A bush (Lair:6)
  99 fungi
  82 plants
182 creatures vanquished.

Grand Total: 913 creatures vanquished

Notes
Turn   | Place    | Note
-------+----------+-------------------------------------------
     0 | D:1      | kae the Minotaur Fighter began the quest for the Orb.
     0 | D:1      | Reached XP level 1. HP: 19/19 MP: 0/0
   253 | D:1      | Reached skill level 3 in Long Blades
   255 | D:1      | Reached XP level 2. HP: 27/27 MP: 1/1
   344 | D:1      | Reached XP level 3. HP: 26/33 MP: 2/2
   896 | D:2      | Noticed Robin
   900 | D:2      | Reached skill level 4 in Long Blades
   909 | D:2      | HP: 1/33 [goblin[Robin] (2)]
   918 | D:2      | Killed Robin
   918 | D:2      | Reached XP level 4. HP: 3/40 MP: 3/3
   923 | D:2      | HP: 1/40 [hobgoblin[Robin] (3)]
  1300 | D:2      | Found a radiant altar of Vehumet.
  1522 | D:2      | Found a bloodstained altar of Trog.
  1733 | D:3      | Found a shattered altar of Ashenzari.
  1843 | D:3      | Noticed junb69's ghost (amateur SpTm)
  1856 | D:3      | Killed junb69's ghost
  1856 | D:3      | Reached skill level 5 in Long Blades
  1856 | D:3      | Reached XP level 5. HP: 34/47 MP: 4/4
  1870 | D:3      | Reached skill level 5 in Fighting
  1870 | D:3      | Reached skill level 5 in Armour
  2301 | D:3      | Reached XP level 6. HP: 40/56 MP: 5/5
  2536 | D:4      | Reached skill level 13 in Long Blades
  2536 | D:4      | Reached XP level 7. HP: 61/61 MP: 5/11
  3107 | D:5      | Entered Level 5 of the Dungeon
  3273 | D:5      | Found a snail-covered altar of Cheibriados.
  3585 | D:5      | Reached XP level 8. HP: 29/69 MP: 12/12
  4424 | D:6      | Found a deep blue altar of Sif Muna.
  4425 | D:6      | Found a stormy altar of Qazlal.
  4429 | D:6      | Found a sparkling altar of Nemelex Xobeh.
  4429 | D:6      | Found a blossoming altar of Fedhas.
  4924 | D:6      | Found a staircase to the Ecumenical Temple.
  5033 | Temple   | Entered the Ecumenical Temple
  5069 | Temple   | Became a worshipper of Warmaster Okawaru
  5607 | D:7      | Noticed a hippogriff
  5620 | D:7      | Killed a hippogriff
  5620 | D:7      | Reached XP level 9. HP: 45/75 MP: 13/13
  5994 | D:7      | Found a basalt altar of Yredelemnul.
  6028 | D:7      | Found a shattered altar of Ashenzari.
  6052 | D:7      | Reached * piety under Okawaru
  6077 | D:7      | HP: 3/78 [hog (2)]
  6081 | D:7      | Reached skill level 14 in Long Blades
  6799 | D:8      | Reached ** piety under Okawaru
  6908 | D:8      | Found an opulent altar of Gozag.
  6976 | D:8      | Found a white marble altar of Elyvilon.
  7230 | D:8      | Found a basalt altar of Yredelemnul.
  7662 | D:9      | Reached XP level 10. HP: 50/86 MP: 11/14
  7840 | D:9      | Noticed Shenda's ghost (journeyman DECj)
  7854 | D:9      | HP: 4/86 [battlesphere[Shenda's ghost] (14)]
  7872 | D:9      | Identified a scroll of acquirement
  8162 | D:9      | Found Xucuvo's General Store.
  8762 | D:9      | Killed Shenda's ghost
  8762 | D:9      | Reached *** piety under Okawaru
  8762 | D:9      | Reached skill level 15 in Long Blades
  8958 | D:10     | Entered Level 10 of the Dungeon
  8961 | D:10     | Found a staircase to the Lair.
  9008 | D:10     | Noticed George's ghost (novice MiFi)
  9465 | D:10     | Killed George's ghost
  9898 | D:10     | Reached **** piety under Okawaru
 10095 | D:10     | Noticed a cyclops
 10104 | D:10     | Killed a cyclops
 10385 | Lair:1   | Entered Level 1 of the Lair of Beasts
 10431 | Lair:1   | Reached XP level 11. HP: 94/94 MP: 15/15
 10769 | Lair:1   | Reached skill level 16 in Long Blades
 10988 | Lair:1   | Found a dark tunnel.
 10996 | Volcano  | Entered a volcano
 11553 | Lair:2   | Reached ***** piety under Okawaru
 11553 | Lair:2   | Reached skill level 10 in Armour
 11865 | Lair:2   | Noticed a seven-headed hydra
 11884 | Lair:2   | Killed a five-headed hydra
 12019 | Lair:2   | Reached skill level 17 in Long Blades
 12046 | Lair:2   | Received a gift from Okawaru
 12143 | Lair:2   | Noticed a dire elephant
 12574 | Lair:2   | Reached XP level 12. HP: 94/104 MP: 16/16
 12687 | Lair:2   | Reached skill level 18 in Long Blades
 12866 | Lair:2   | Found a staircase to the Snake Pit.
 13052 | Lair:2   | Killed a dire elephant
 13443 | Lair:2   | Reached skill level 19 in Long Blades
 13623 | Lair:2   | Received a gift from Okawaru
 13995 | Lair:2   | Found a staircase to the Shoals.
 14191 | Lair:2   | Reached ****** piety under Okawaru
 14842 | Lair:3   | Received a gift from Okawaru
 14842 | Lair:3   | Reached skill level 20 in Long Blades
 14849 | Lair:3   | Got a translucent double sword {god gift}
 15058 | Lair:3   | Identified the +7 double sword "Qysseo" {venom, Int+5} (Okawaru gifted it to you on level 3 of the Lair of Beasts)
 15462 | Lair:3   | Reached XP level 13. HP: 92/111 MP: 17/17
 15485 | Lair:3   | Got a flickering amber ring
 16233 | Lair:4   | Received a gift from Okawaru
 16392 | Lair:4   | Reached skill level 21 in Long Blades
 16575 | Lair:4   | Noticed Nergalle
 16583 | Lair:4   | Killed Nergalle
 17069 | Lair:5   | Identified the ring of Kiuqicvi {rC+ Dex+2} (You found it on level 3 of the Lair of Beasts)
 17554 | Lair:5   | Received a gift from Okawaru
 17567 | Lair:5   | Reached skill level 22 in Long Blades
 17572 | Lair:5   | Got a polished ring mail {god gift}
 17810 | Lair:5   | Identified the +1 ring mail of the Bells {rPois rF++ rC- MP-9} (Okawaru gifted it to you on level 5 of the Lair of Beasts)
 17953 | Lair:5   | Found a staircase to the Slime Pits.
 19079 | D:11     | Found a flagged portal.
 19089 | Bailey   | Entered a bailey
 19560 | D:11     | Found a burning altar of Makhleb.
 19757 | D:11     | Reached XP level 14. HP: 118/118 MP: 9/18
 20252 | Lair:6   | Entered Level 6 of the Lair of Beasts
 20434 | Lair:6   | Received a gift from Okawaru
 20434 | Lair:6   | Reached skill level 23 in Long Blades
 20469 | Lair:5   | HP: 4/118 [poisoned by a redback]
 21339 | Lair:6   | Noticed Rupert
 21348 | Lair:6   | Paralysed by Rupert for 7 turns
 21388 | Lair:6   | Killed Rupert
 21809 | Lair:6   | Received a gift from Okawaru
 22045 | Lair:6   | Reached skill level 24 in Long Blades
 22842 | Lair:6   | Reached skill level 10 in Fighting
 23662 | Lair:6   | Reached XP level 15. HP: 68/128 MP: 7/19
 23847 | Lair:6   | Received a gift from Okawaru
 23857 | Lair:6   | Got a dazzling hat {god gift}
 24101 | Lair:6   | Identified the +0 hat "Dene Heo" {rF- Int+2 Dex+4} (Okawaru gifted it to you on level 6 of the Lair of Beasts)
 25134 | D:12     | Found Fuommigi's Antique Weapon Boutique.
 25169 | D:12     | Found a staircase to the Orcish Mines.
 25296 | D:12     | Noticed Maurice
 25303 | D:12     | Killed Maurice
 25983 | D:12     | Found a roughly hewn altar of Beogh.
 25983 | D:12     | Noticed Josephine
 25998 | D:12     | Killed Josephine
 26770 | D:13     | You fall through a shaft for 2 floors!
 26770 | D:15     | Entered Level 15 of the Dungeon
 27410 | D:15     | HP: 4/135 [centaur warrior/arrow (12)]
 27433 | D:15     | Killed from afar by an electric eel

Vault maps used:
D:1:      wheals_arrival_linesprint, minmay_pentomino_o2
D:2:      nicolae_overflow_crystal_walls, fiery_altar_vehumet, uniq_robin
D:3:      cheibrodos_ashenzari_chains
D:5:      slow_altar_1, nicolae_overflow_hidden_temple, first_bread
D:6:      grunt_temple_overflow_open, minmay_temple_entry_fiery,
          minmay_misc_feat_room, minmay_liquid_box
D:7:      kennysheep_mini, grunt_livestock, yredelemnul_altar_generic
D:8:      kennysheep_ying_yang, kennysheep_mini_moat, kennysheep_generic_room_8
D:9:      serial_shops, nicolae_shop_crystal
D:10:     lair_entry_dummy
D:11:     enter_bailey_3, basic_altar, minmay_stone_trees_small
D:12:     minmay_orc_entry_temple_small, serial_shops, shop, uniq_josephine,
          uniq_maurice
D:13:     kennysheep_nondescript, david_greed
D:15:     grunt_enter_depths_snipers, minmay_misc_feat_rows, uniq_agnes
Temple:   jpeg_temple_island
Lair:1:   lightli_volcano_entry_magma_tube, infiniplex_staircase_pool_2
Lair:2:   mu_elephants_graveyard, minmay_shoals_entry_lonely_mermaid,
          dummy_snake_entry, kennysheep_rathole
Lair:3:   cheibrodos_lair_lostbears, grunt_megastairs_5
Lair:4:   lemuel_fruit_tree, uniq_nergalle
Lair:5:   minmay_slime_entry_pillars, minmay_lair_oklob_chamber
Lair:6:   hangedman_lair_tendril_chambers, hangedman_lair_caniforms_friends,
          serial_bayou_shore_b, uniq_rupert
Bailey:   bailey_axe_1, bailey
Volcano:  volcano_overflow

Skill      XL: |  1  2  3  4  5  6  7  8  9 10 11 12 13 14 15 |
---------------+----------------------------------------------+-----
Long Blades    | 3 4 5 13 14 15 17 20 22 24 | 24.1
Armour         | 4 5 6 7 9 10 11 14 | 14.0
Fighting       | 4 5 6 7 8 9 10 13 | 13.2
Invocations    | 7 |  7.1
Shields        | |  3.6

Action                   |  1- 3 |  4- 6 |  7- 9 | 10-12 | 13-15 || total
-------------------------+-------+-------+-------+-------+-------++-------
Melee: Long sword        |    90 |   141 |   318 |   406 |       ||   955
       Headbutt          |    24 |    22 |    64 |   146 |   218 ||   474
       Triple sword      |       |       |       |    55 |   453 ||   508
       Battleaxe         |       |       |       |     2 |    33 ||    35
       Great sword       |       |       |       |    82 |       ||    82
       Double sword      |       |       |       |    19 |   574 ||   593
       Punch             |       |       |       |     1 |     5 ||     6
Invok: Heroism           |       |       |     3 |    23 |    29 ||    55
       Finesse           |       |       |       |     1 |     3 ||     4
Evoke: Wand              |       |       |       |     2 |     3 ||     5
  Use: Potion            |     1 |     1 |     4 |     9 |    14 ||    29
       Scroll            |       |     6 |    11 |    12 |    11 ||    40
 Stab: Invisible         |       |       |     4 |       |       ||     4
       Distracted        |       |       |       |       |     3 ||     3
       Sleeping          |       |       |       |       |     1 ||     1
  Eat: Chunk             |       |     6 |    33 |    27 |    28 ||    94
       Fruit             |       |       |       |       |     2 ||     2
Armor: Scale mail        |    45 |    45 |    94 |   197 |    57 ||   438
       Ring mail         |       |       |       |       |   478 ||   478
       Skin              |       |       |       |       |    13 ||    13
Dodge: Dodged            |    32 |    26 |    86 |   185 |   585 ||   914
Block: Shield            |    54 |    61 |   132 |   109 |       ||   356
       Rpst.: Long sword |    10 |     6 |    26 |    19 |       ||    61
       Triple sword      |       |       |       |     7 |    61 ||    68
       Great sword       |       |       |       |     9 |       ||     9
       Double sword      |       |       |       |     2 |    64 ||    66
